 Dungeon Crawl Stone Soup version 0.19.0-11-g3fc08b3 (webtiles) character file.

242 CountDeLaPain the Conjurer (level 5, 0/40 HPs)
             Began as a Draconian Conjurer on Nov 9, 2016.
             Succumbed to a scorpion's poison
             ... on level 4 of the Dungeon on Nov 10, 2016.
             The game lasted 00:14:50 (5261 turns).

CountDeLaPain the Conjurer (Draconian Conjurer)     Turns: 5261, Time: 00:14:50

Health: 0/40       AC:  6    Str: 15    XL:     5   Next: 81%
Magic:  3/10       EV: 13    Int: 21    God:
Gold:   227        SH:  0    Dex: 12    Spells: 2 memorised, 6 levels left

rFire  + . .     SeeInvis .     g - +0 spear
rCold  . . .     Gourm    .     (armour unavailable)
rNeg   . . .     Faith    .     (no shield)
rPois  .         Spirit   .     (helmet restricted)
rElec  .         Reflect  .     (no cloak)
rCorr  .         Harm     .     (no gloves)
MR     .....                    n - +0 pair of boots
Stlth  ++........               (no amulet)
                                (no ring)
                                c - ring of protection from fire

@: mighty, brilliant, lethally poisoned (0 -> -1), flying, very slightly
contaminated, hasted, very quick
A: unfitting armour, cold-blooded, AC +5
a: no special abilities


You were on level 4 of the Dungeon.
You were hungry.

You visited 1 branch of the dungeon, and saw 4 of its levels.

You collected 227 gold pieces.

Inventory:

Hand Weapons
 g - a +0 spear (weapon)
Armour
 n - a +0 pair of boots (worn)
Jewellery
 c - a ring of protection from fire (left hand)
 h - an uncursed ring of flight {unknown}
 p - an uncursed amulet of guardian spirit {unknown}
 q - a cursed ring of positive energy {unknown}
 s - a +3 ring of strength {unknown}
Scrolls
 i - a scroll of remove curse {unknown}
 k - a scroll of teleportation {unknown}
 r - a scroll of enchant weapon {unknown}
 t - a scroll of identify
Potions
 o - a potion of brilliance
Books
 a - a book of Conjurations

   Spells                             Type                      Level
   a - Magic Dart                     Conjuration                  1
   b - Searing Ray                    Conjuration                  2
   c - Dazzling Spray                 Conjuration/Hexes            3
   d - Fulminant Prism                Conjuration/Hexes            4
   e - Iskenderun's Mystic Blast      Conjuration                  4
   f - Iskenderun's Battlesphere      Conjuration/Charms           5
Comestibles
 b - 3 bread rations
 f - 3 meat rations
 m - a royal jelly


   Skills:
 + Level 1.0 Fighting
 + Level 1.7 Polearms
 + Level 2.7 Dodging
 + Level 2.5 Stealth
 + Level 3.3 Spellcasting
 + Level 5.1 Conjurations


You had 6 spell levels left.
You knew the following spells:

 Your Spells              Type           Power        Failure   Level  Hunger
a - Magic Dart            Conj           ####         1%          1    None
b - Dazzling Spray        Conj/Hex       ####..       2%          3    ###....


Dungeon Overview and Level Annotations

Branches:
Dungeon (4/15)
 Temple: D:4-7

Altars:
Xom


Innate Abilities, Weirdness & Mutations

Your plain brown scales are hard. (AC +5)
You cannot fit into any form of body armour.
You are cold-blooded and may be slowed by cold attacks.


Message History

* * * LOW HITPOINT WARNING * * *
You feel sick.
Unknown command.
* * * LOW HITPOINT WARNING * * *
You feel sick.
Okay, then.
* * * LOW HITPOINT WARNING * * *
You feel sick.
* * * LOW HITPOINT WARNING * * *
You feel sick.
* * * LOW HITPOINT WARNING * * *
You feel sick.
* * * LOW HITPOINT WARNING * * *
You feel sick.
* * * LOW HITPOINT WARNING * * *
You feel sick.
* * * LOW HITPOINT WARNING * * *
You feel sick.
You are feeling hungry.
You die...

.## ##.....### ##..[.
#.
..###........#####....
.# #.
..#..................#
#.# ##.
.$........##.........##
#..##.. ...###...##
#(........# #..... .###
##..# ##......#..###
#..... ##
##.###......####..##
#..... .## #.>#.......#
#...###..... ..#
#........@##
##.......... ..##
###.........#
##....#....
#..###...#.......#
#...####..
#...#..#####....##
##.#####.. ##....##
##...#.## #...##...#
##.### ##..####.##
#..###.....# # ##.#
##..## ##.#
#.#####.###.# # ##
#.### #.# # #...# #.# #
### ### ##### ###


There were no monsters in sight!

Vanquished Creatures
  A scorpion (D:4)
  An orc wizard (D:4)
  A hound zombie (D:4)
  6 adders
  3 worms (D:2)
  A dart slug (D:1)
  2 leopard geckos
  12 orcs
  4 bats
  A giant cockroach (D:3)
  7 goblins
  10 hobgoblins
  9 jackals
  2 quokkas (D:3)
  A ball python (D:1)
  5 frilled lizards
  7 kobolds
  7 rats
80 creatures vanquished.

Notes
Turn   | Place    | Note
-------+----------+-------------------------------------------
     0 | D:1      | CountDeLaPain the Draconian Conjurer began the quest for the Orb.
     0 | D:1      | Reached XP level 1. HP: 14/14 MP: 3/3
   370 | D:1      | Reached XP level 2. HP: 20/20 MP: 1/5
   713 | D:1      | HP: 1/20 [dart slug/slug dart (6)]
  1540 | D:2      | Reached XP level 3. HP: 13/26 MP: 0/6
  2178 | D:2      | Found a shimmering altar of Xom.
  2291 | D:2      | Reached skill level 1 in Polearms
  2843 | D:1      | Reached XP level 4. HP: 33/33 MP: 1/7
  3793 | D:3      | Learned a level 3 spell: Dazzling Spray
  4452 | D:4      | Reached XP level 5. HP: 39/39 MP: 6/9
  5233 | D:4      | Reached skill level 1 in Fighting
  5233 | D:4      | Reached skill level 5 in Conjurations
  5247 | D:4      | HP: 2/40 [poisoned by a scorpion]
  5255 | D:4      | HP: 1/40 [poisoned by a scorpion]
  5261 | D:4      | Succumbed to a scorpion's poison

Skill      XL: |  1  2  3  4  5 |
---------------+----------------+-----
Stealth        | 2 |  2.5
Dodging        | 2 |  2.7
Polearms       | 1 |  1.7
Spellcasting   | 3 |  3.3
Fighting       | 1 |  1.0
Conjurations   | 5 |  5.1

Action                   |  1- 3 |  4- 6 || total
-------------------------+-------+-------++-------
Melee: Spear             |    62 |    78 ||   140
       Tailslap          |     5 |    10 ||    15
 Cast: Magic Dart        |    82 |   102 ||   184
       Dazzling Spray    |       |     1 ||     1
  Use: Scroll            |       |     1 ||     1
       Potion            |       |     6 ||     6
 Stab: Sleeping          |     1 |       ||     1
  Eat: Chunk             |     7 |     8 ||    15
Armor: Skin              |    29 |    38 ||    67
Dodge: Dodged            |    71 |   114 ||   185
